 Dungeon Crawl Stone Soup version 0.20.0 (webtiles) character file.

93 Danakh the Slasher (level 4, 0/27 HPs)
             Began as a Tengu Warper on May 31, 2017.
             Slain by an orc
             ... wielding a +0 flail
              (11 damage)
             ... on level 3 of the Dungeon.
             The game lasted 00:04:27 (2876 turns).

Danakh the Slasher (Tengu Warper)                   Turns: 2876, Time: 00:04:28

Health: 0/27       AC:  3    Str: 11    XL:     4   Next: 61%
Magic:  8/8        EV: 13    Int: 14    God:
Gold:   142        SH:  0    Dex: 14    Spells: 3/7 levels left

rFire    . . .     SeeInvis .   a - +0 falchion
rCold    . . .     Gourm    .   (no shield)
rNeg     . . .     Faith    .   b - +0 leather armour
rPois    .         Spirit   .   (helmet restricted)
rElec    .         Reflect  .   (no cloak)
rCorr    .         Harm     .   (no gloves)
MR       .....                  (boots unavailable)
Stlth    +.........             (no amulet)
Regen    0.1/turn               (no ring)
MPRegen  0.2/turn               (no ring)

@: no status effects
A: beak, talons 3
a: no special abilities


You were on level 3 of the Dungeon.
You were not hungry.

You visited 1 branch of the dungeon, and saw 3 of its levels.

You collected 142 gold pieces.

Inventory:

Hand Weapons
 a - a +0 falchion (weapon)
Missiles
 e - 5 tomahawks of dispersal (quivered)
Armour
 b - a +0 leather armour (worn)
Scrolls
 d - a scroll of blinking
 g - a scroll of amnesia
 h - a scroll of identify
 j - a scroll of remove curse
Potions
 n - 3 potions of curing
Books
 c - a book of Spatial Translocations

   Spells                             Type                      Level
   a - Blink                          Translocation                2
   b - Shroud of Golubria             Charms/Translocation         2
   c - Lesser Beckoning               Translocation                3
   d - Gell's Gravitas                Translocation                3
   e - Teleport Other                 Translocation                3
   f - Passage of Golubria            Translocation                4
Comestibles
 f - a bread ration
 i - 3 meat rations
 k - 5 fruits
 l - a royal jelly
 m - a chunk of flesh


   Skills:
 + Level 2.6 Fighting
 * Level 3.4 Long Blades
 - Level 1.0 Throwing
 + Level 2.4 Armour
 + Level 3.0 Dodging
 - Level 2.0 Spellcasting
 - Level 2.4 Translocations


You had 3 spell levels left.
You knew the following spells:

 Your Spells              Type           Power        Failure   Level  Hunger
b - Blink                 Tloc           N/A          17%         2    ###....
e - Shroud of Golubria    Chrm/Tloc      #.........   28%         2    ###....


Dungeon Overview and Level Annotations

Branches:
Dungeon (3/15)

Altars:


Innate Abilities, Weirdness & Mutations

You have a beak for a mouth.
You have claws for feet.


Message History

You hit the orc. Your peck misses the orc.
The orc is heavily wounded.
The orc barely misses you.
You riposte.
You closely miss the orc.
The orc is heavily wounded.
The orc hits you with a flail of crushing.
You barely miss the orc. You claw the orc, but do no damage.
The orc is heavily wounded.
The orc hits you with a flail. The orc barely misses you.
You are too injured to fight recklessly!
You are too injured to fight recklessly!
You are too injured to fight recklessly!
The orc barely misses you.
You riposte.
You completely miss the orc.
The orc is heavily wounded.
There is an open door here.
You are too injured to fight recklessly!
You are too injured to fight recklessly!
You closely miss the orc.
The orc is heavily wounded.
The orc hits you with a flail!
You die...

#...######...#
####(...........#
#..'....#####...#
#.##....#.......#
#.##...(#..##.รท##
#.###+#.#.###..#
#.# #........# #.#
#.#.###.#### #@#
#.#.# #<.... #o# .
#.####
##o#######.#..>.
#.....)......####
#..........#.
#............
#............
#####........
#.......?


You could see 2 orcs.

Vanquished Creatures
  2 adders (D:2)
  An ooze (D:2)
  4 worms (D:2)
  2 dart slugs
  3 leopard geckos
  An orc (D:3)
  A ball python (D:2)
  5 giant cockroaches
  4 goblins
  3 hobgoblins
  4 jackals (D:2)
  10 bats
  A frilled lizard (D:1)
  5 kobolds (D:1)
  6 rats
52 creatures vanquished.

Notes
Turn   | Place    | Note
-------+----------+-------------------------------------------
     0 | D:1      | Danakh the Tengu Warper began the quest for the Orb.
     0 | D:1      | Reached XP level 1. HP: 12/12 MP: 4/4
   348 | D:1      | Reached XP level 2. HP: 14/17 MP: 6/6
   355 | D:1      | Learned a level 2 spell: Blink
  1004 | D:2      | Reached XP level 3. HP: 10/22 MP: 7/7
  1212 | D:2      | Learned a level 2 spell: Shroud of Golubria
  1745 | D:2      | Reached XP level 4. HP: 14/27 MP: 8/8
  2876 | D:3      | Slain by an orc

Skill      XL: |  1  2  3  4 |
---------------+-------------+-----
Armour         | 2 |  2.4
Long Blades    | 3 |  3.4
Dodging        | 3 |  3.0
Fighting       | |  2.6
Throwing       | |  1.0
Spellcasting   | |  2.0
Translocations | |  2.4

Action                   |  1- 3 |  4- 6 || total
-------------------------+-------+-------++-------
Melee: Falchion          |    73 |    50 ||   123
       Kick              |    24 |    15 ||    39
       Peck              |    13 |     7 ||    20
  Use: Scroll            |       |     4 ||     4
  Eat: Chunk             |     3 |     3 ||     6
Armor: Leather armour    |    25 |    14 ||    39
Dodge: Dodged            |    56 |    40 ||    96
       Rpst.: Falchion   |    20 |    15 ||    35
